 Dungeon Crawl Stone Soup version 0.27-a0-1066-g29160eaed2 (webtiles) character file.

Game seed: 9178395078158340309

0 LordDeathwing the Caller (level 1, -2/10 HPs)
             Began as a Deep Elf Summoner on Apr 23, 2021.
             Slain by a quokka (3 damage)
             ... on level 1 of the Dungeon.
             The game lasted 00:01:07 (67 turns).

LordDeathwing the Caller (Deep Elf Summoner)          Turns: 67, Time: 00:01:07

Health: -2/10      AC:  2    Str:  5    XL:     1   Next: 8%
Magic:  3/6        EV: 12    Int: 19    God:
Gold:   0          SH:  0    Dex: 15    Spells: 5/6 levels left

rFire    . . .     SeeInvis .   (no weapon)
rCold    . . .     Faith    .   (no shield)
rNeg     . . .     Spirit   .   a - +0 robe
rPois    .         Reflect  .   (no helmet)
rElec    .         Harm     .   (no cloak)
rCorr    .         Rampage  .   (no gloves)
Will     .....                  (no boots)
Stlth    ++........             (no amulet)
HPRegen  0.03/turn              (no ring)
MPRegen  0.10/turn              (no ring)

@: no status effects
A: no striking features
a: no special abilities


You were on level 1 of the Dungeon.
You visited 1 branch of the dungeon, and saw 1 of its levels.

Inventory:

Armour
 a - a +0 robe (worn)
Potions
 b - a potion of heal wounds {unknown}


   Skills:
 + Level 2.4 Dodging
 + Level 2.5 Stealth
 + Level 3.0 Spellcasting
 + Level 4.3 Summonings


You had 5 spell levels left.
You knew the following spells:

 Your Spells              Type           Power      Damage    Failure   Level
a - Summon Small Mammal   Summ           76%        N/A       2%          1

Your spell library contained the following spells:

 Spells                   Type           Power      Damage    Failure   Level
 Call Imp                 Summ           19%        N/A       3%          2
 Call Canine Familiar     Summ           19%        N/A       8%          3
 Summon Guardian Golem    Hex/Summ       11%        N/A       19%         3
 Summon Ice Beast         Ice/Summ       11%        N/A       52%         4
 Summon Lightning Spire   Summ/Air       11%        N/A       52%         4


Dungeon Overview and Level Annotations

Branches:
Dungeon (1/15)

Altars:


Message History

You swap places.
Your rat closely misses the quokka.
Your bat hits the ball python. The quokka completely misses your rat.
Your quokka closely misses the quokka.
The ball python bites your bat but does no damage.
The ball python closely misses your bat.
Your bat hits the ball python.
The ball python dies!
Your rat misses the quokka. The quokka misses your rat.
Your quokka misses the quokka.
Your bat barely misses the quokka.
The quokka barely misses your rat.
Your quokka closely misses the quokka.
Your rat closely misses the quokka.
Your bat closely misses the quokka.
The quokka bites your rat.
Your quokka closely misses the quokka.
Your bat barely misses the quokka. x2
Your rat bites the quokka but does no damage.
Your bat barely misses the quokka.
The quokka bites your rat.
Your rat dies!
Your rat's corpse disappears in a puff of smoke!
Your quokka bites the quokka.
Casting: Summon Small Mammal (safe; 2% risk of failure)
Press: ? - help, Q - select action Dir - look around, f - activate Your bat closely misses the quokka. x2
Your rat barely misses the quokka.
Your rat closely misses the quokka.
The quokka bites you.
* * * LOW HITPOINT WARNING * * *
Your rat bites the quokka but does no damage.
Your bat barely misses the quokka.
Your quokka closely misses the quokka.
The quokka bites you.
* * * LOW HITPOINT WARNING * * *
What are your orders? t - Shout!
Orders for allies: a - Attack new target. r - Retreat! s - Stop attacking. g - Guard the area. f - Follow me.
Anything else - Cancel.
Gang up on whom?
Press: ? - help, Dir - move target, f - quokka
Aim: a quokka (moderately wounded, ally target) Attack!
Your quokka bites the quokka.
The quokka bites you.
You die...

##### #####
#<..# #... #
###.###.# ..
#>...@# .!.
###.###r# ###
.... #...# #r#
#.# ..... #####
#r###.###......
#b..r..........
#####
#.###.###..####
#...# #.# #.#
.# ###.###.#
### # #>....#


You could see a quokka (ally target), a friendly quokka (summoned), a friendly
bat (summoned) and a friendly rat (summoned).

Vanquished Creatures (collateral kills)
  A ball python (D:1)
1 creature vanquished.

Notes
Turn   | Place    | Note
-------+----------+-------------------------------------------
     0 | D:1      | LordDeathwing the Deep Elf Summoner began the quest for the
                  | Orb.
     0 | D:1      | Reached XP level 1. HP: 10/10 MP: 6/6
    67 | D:1      | Slain by a quokka

Illustrated notes

Levels and vault maps discovered:
D:1:      evilmike_arrival_hilbert_curve, layout_basic, minmay_split_cup_small

Action                   || total
-------------------------++-------
Melee: Unarmed           ||     2
 Cast: Summon Small Mamm ||     4
Dodge: Dodged            ||     4

Table legend: (Time is in decaauts)
 A = Elapsed time spent in this place.
 B = Non-inter-level travel time spent in this place.
 C = Inter-level travel time spent in this place.
 D = Time resting spent in this place.
 E = Time spent auto-exploring this place.
 F = Levels seen in this place.
 G = Mean time per level.
                   A        B        C        D        E       F      G
               +--------+--------+--------+--------+--------+-----+--------+
         Total |     67 |     67 |      0 |      0 |     46 |   1 |   67.0 |
       Dungeon |     67 |     67 |      0 |      0 |     46 |   1 |   67.0 |
               +--------+--------+--------+--------+--------+-----+--------+

Top non-repeatable levels by time:
     D:1: 67 daAuts
